 Dungeon Crawl Stone Soup version 0.29.0-4-gdea44cf6ec (webtiles) character file.

Game seed: 17620149419258240935

2170 qw the Cleaver (level 9, 0/54 HPs)
             Began as a Tengu Warper on Aug 28, 2022.
             Killed by vampiric draining
             ... invoked by a vampire
              (21 damage)
             ... on level 7 of the Dungeon.
             The game lasted 00:00:42 (7327 turns).

qw the Cleaver (Tengu Warper)                       Turns: 7327, Time: 00:00:42

Health: 0/54       AC: 17    Str: 15    XL:     9   Next: 32%
Magic:  13/13      EV:  9    Int: 14    God:
Gold:   219        SH:  5    Dex: 20    Spells: 12/12 levels left

rFire   . . .      SeeInvis .   Y - +1 hand axe
rCold   . . .      Faith    .   d - +0 buckler
rNeg    . . .      Spirit   .   e - +3 storm dragon scales
rPois   .          Reflect  .   (helmet restricted)
rElec   +          Harm     .   (no cloak)
rCorr   .          Rampage  .   g - +2 pair of gloves
Will    .....                   (boots unavailable)
Stlth   ..........              (no amulet)
HPRegen 0.18/turn               j - +4 ring of slaying {mikee}
MPRegen 0.13/turn               b - +6 ring of dexterity

@: flying quickly and evasively, quick
A: beak, talons 3, nimble flight
a: no special abilities


You were on level 7 of the Dungeon.
You visited 1 branch of the dungeon, and saw 7 of its levels.

You collected 265 gold pieces.
You spent 46 gold pieces at shops.


Innate Abilities, Weirdness & Mutations

You have a beak for a mouth.
You have claws for feet.
Your magical nature lets you fly swiftly and evasively.


   Skills:
 - Level 5.0 Fighting
 + Level 10.7 Axes
 - Level 1.0 Throwing
 - Level 4.0 Armour
 - Level 3.6 Dodging
 - Level 3.0 Shields
 - Level 2.0 Spellcasting
 - Level 2.4 Translocations


You had 12 spell levels left.
You didn't know any spells.
Your spell library contained the following spells:

 Spells                   Type           Power      Damage    Failure   Level
 Blink                    Tloc           16%        N/A       98%         2
 Gell's Gravitas          Tloc           8%         N/A       100%        3
 Lesser Beckoning         Tloc           8%         N/A       100%        3
 Teleport Other           Tloc           8%         N/A       100%        3
 Manifold Assault         Tloc           8%         N/A       100%        5

Inventory:

Hand Weapons
 k - a +0 morningstar
 Y - a +1 hand axe (weapon)
Missiles
 h - a boomerang (quivered)
Armour
 d - a +0 buckler (worn)
 e - +3 storm dragon scales (worn)
 g - a +2 pair of gloves (worn)
Jewellery
 b - a +6 ring of dexterity (right hand)
 j - a +4 ring of slaying (left hand) {mikee}
Scrolls
 a - 2 scrolls of identify
 n - 2 scrolls of teleportation
Potions
 c - 5 potions of heal wounds
 f - a potion of haste {unknown}
 i - a potion of mutation {unknown}
 l - 5 potions of curing
 m - a potion of attraction {unknown}
 o - a potion of experience {unknown}
 p - a potion of flight {unknown}
 q - a potion of lignification {unknown}
 s - a potion of might {unknown}

Dungeon Overview and Level Annotations

Branches:
Dungeon (7/15)
 Temple: D:4-7

Altars:
Cheibriados
Fedhas
Hepliaklqana
Ru

Shops:
D:4 *:

Annotations:
D:6 3 runed translucent doors, qw's ghost, amateur TeWr


Message History

The vampire is healed by the life force!
You hit the vampire but do no damage.
The vampire is lightly damaged.
You completely miss the vampire. You claw the vampire, but do no damage.
Your peck misses the vampire.
The vampire is lightly damaged.
The vampire barely misses you.
The vampire bites you but does no damage.
You slash the vampire! You claw the vampire, but do no damage.
The vampire is heavily damaged.
The vampire hits you but does no damage.
The vampire bites you but does no damage.
You barely miss the vampire. You claw the vampire, but do no damage.
You peck the vampire, but do no damage.
The vampire is heavily damaged.
The vampire hits you but does no damage.
You block the vampire's attack.
You hit the vampire.
The vampire is heavily damaged.
The vampire hits you. You block the vampire's attack.
You closely miss the vampire. You claw the vampire, but do no damage.
The vampire is heavily damaged.
You hit the vampire but do no damage. You claw the vampire.
The vampire is severely damaged.
The vampire mumbles some strange words.
The vampire flickers and vanishes!
Deactivating autopickup; reactivate with Ctrl-A.
You hit something but do no damage. Something hits you! Something bites you!
Something draws strength from your injuries!
You hit something. Your peck misses something.
Something hits you but does no damage. Something bites you but does no damage.
You hit something but do no damage. Your peck misses something.
You miss something. You claw something. Your peck misses something.
Something hits you but does no damage. Something bites you but does no damage.
You hit something but do no damage. You block something's attack.
Something bites you but does no damage.
You miss something. You claw something. You peck something.
Something draws life force from you!!
You die...

## ##.....##....#
.# #...#.#.....#
.#######?.#.#.#...#
.#........<.......#
...#####..#.##/####
#### ##...##.### #
#..###...##
...........#
.........@.#
.........{..#
.........?..#
............#
.....$......#
$>...[......#
..........>#
.........##


There were no monsters in sight!

Vanquished Creatures
  Sigmund (D:4)
  2 water moccasins
  An orc warrior (D:5)
  A sky beast (D:7)
  An ice beast (D:5)
  An ogre (D:6)
  2 centaurs (D:5)
  3 phantoms
  A bullfrog (D:7)
  A necrophage (D:6)
  3 scorpions
  A howler monkey (D:5)
  2 jellies (D:6)
  3 hounds
  An orc priest (D:5)
  2 iguanas
  Natasha (thrice) (D:2)
  2 orc wizards (D:5)
  9 gnolls
  12 adders
  A shadow imp (D:4)
  4 white imps
  2 ufetubi
  A worm (D:2)
  A dart slug (D:5)
  12 orcs
  9 ball pythons
  9 endoplasms
  9 giant cockroaches
  4 goblins
  7 hobgoblins
  6 jackals
  3 kobolds
  5 quokkas
  A bat (D:2)
  3 frilled lizards
  5 rats
134 creatures vanquished.

Notes
Turn   | Place    | Note
-------+----------+-------------------------------------------
     0 | D:1      | qw the Tengu Warper began the quest for the Orb.
     0 | D:1      | Reached XP level 1. HP: 12/12 MP: 4/4
     0 | D:1      | 0 ||| qw: Version: 0.1-a-89-g26bdef1
     0 | D:1      | 0 ||| qw: Game counter: 2293
     0 | D:1      | 0 ||| qw: Always use a shield: true
     0 | D:1      | 0 ||| qw: God list: Okawaru
     0 | D:1      | 0 ||| qw: Allow faded altars: false
     0 | D:1      | 0 ||| qw: Do Orc after D:15 true
     0 | D:1      | 0 ||| qw: Do second Lair branch before Depths: true
     0 | D:1      | 0 ||| qw: Lair rune preference: random
     0 | D:1      | 0 ||| qw: Plans: Normal
     0 | D:1      | 0 ||| PLANNING D:1-11
    69 | D:1      | 69 ||| Stepping ~*~*~tactically~*~*~ (stealth).
    70 | D:1      | 70 ||| Stepping ~*~*~tactically~*~*~ (stealth).
   275 | D:1      | Reached XP level 2. HP: 17/17 MP: 6/6
   437 | D:1      | Reached skill level 3 in Axes
   981 | D:1      | Found a faded altar of an unknown god.
  1130 | D:1      | Reached XP level 3. HP: 21/21 MP: 7/7
  1260 | D:1      | 1260 ||| UPGRADING to +0 storm dragon scales.
  1270 | D:1      | 1270 ||| DROPPING +0 leather armour.
  1271 | D:1      | 1271 ||| READING 2 scrolls labelled FOEFFEPHOCA.
  1272 | D:1      | 1272 ||| READING scroll labelled LATIUM PUXIDEA.
  1273 | D:1      | 1273 ||| READING scroll labelled EKUIS MUL TERR.
  1274 | D:1      | 1274 ||| DROPPING scroll of blinking.
  1314 | D:2      | Reached skill level 4 in Axes
  1620 | D:2      | Noticed Natasha
  1621 | D:2      | 1621 ||| Stepping ~*~*~tactically~*~*~ (hiding).
  1630 | D:2      | Killed Natasha
  1631 | D:2      | Reached XP level 4. HP: 21/26 MP: 8/8
  1799 | D:2      | Noticed Natasha
  1809 | D:2      | Killed Natasha
  1810 | D:2      | Reached skill level 5 in Axes
  2047 | D:2      | 2047 ||| READING scroll of enchant armour.
  2047 | D:2      | 2047 ||| ENCHANTING +0 storm dragon scales.
  2070 | D:2      | Noticed Natasha
  2071 | D:2      | 2071 ||| Stepping ~*~*~tactically~*~*~ (stealth).
  2072 | D:2      | 2072 ||| DROPPING +0 club.
  2074 | D:2      | 2074 ||| Stepping ~*~*~tactically~*~*~ (hiding).
  2084 | D:2      | Killed Natasha
  2085 | D:2      | Gained mutation: Your magical nature lets you fly swiftly
                  | and evasively. [Tengu growth]
  2085 | D:2      | Reached XP level 5. HP: 30/30 MP: 9/9
  2395 | D:2      | 2395 ||| Stepping ~*~*~tactically~*~*~ (stealth).
  2396 | D:2      | 2396 ||| Stepping ~*~*~tactically~*~*~ (stealth).
  2501 | D:2      | 2501 ||| Stepping ~*~*~tactically~*~*~ (stealth).
  2519 | D:2      | 2519 ||| Stepping ~*~*~tactically~*~*~ (stealth).
  2520 | D:2      | 2520 ||| Stepping ~*~*~tactically~*~*~ (stealth).
  2939 | D:2      | 2939 ||| UPGRADING to +2 pair of gloves.
  2944 | D:2      | 2944 ||| UPGRADING to +4 ring of slaying {mikee}.
  2945 | D:2      | 2945 ||| READING scroll labelled GEUSTR CEAJAR.
  2946 | D:2      | 2946 ||| READING scroll labelled QOECHU UQEAR.
  2947 | D:2      | 2947 ||| READING 2 scrolls of identify.
  2947 | D:2      | 2947 ||| IDENTIFYING blue potion
  2988 | D:3      | 2988 ||| STAIRDANCE
  3088 | D:3      | 3088 ||| Stepping ~*~*~tactically~*~*~ (stealth).
  3089 | D:3      | 3089 ||| Stepping ~*~*~tactically~*~*~ (stealth).
  3092 | D:3      | 3092 ||| Stepping ~*~*~tactically~*~*~ (stealth).
  3126 | D:3      | 3126 ||| READING scroll of enchant armour.
  3126 | D:3      | 3126 ||| ENCHANTING +1 storm dragon scales.
  3144 | D:3      | 3144 ||| Stepping ~*~*~tactically~*~*~ (stealth).
  3147 | D:3      | 3147 ||| Stepping ~*~*~tactically~*~*~ (stealth).
  3148 | D:3      | 3148 ||| Stepping ~*~*~tactically~*~*~ (stealth).
  3218 | D:3      | Reached skill level 6 in Axes
  3227 | D:3      | 3227 ||| Stepping ~*~*~tactically~*~*~ (stealth).
  3228 | D:3      | 3228 ||| Stepping ~*~*~tactically~*~*~ (stealth).
  3239 | D:3      | 3239 ||| FLEEEEING.
  3240 | D:3      | 3240 ||| FLEEEEING.
  3241 | D:3      | 3241 ||| FLEEEEING.
  3242 | D:3      | 3242 ||| FLEEEEING.
  3243 | D:3      | 3243 ||| FLEEEEING.
  3244 | D:3      | 3244 ||| FLEEEEING.
  3245 | D:3      | 3245 ||| FLEEEEING.
  3246 | D:3      | 3246 ||| FLEEEEING.
  3247 | D:3      | 3247 ||| FLEEEEING.
  3248 | D:3      | 3248 ||| FLEEEEING.
  3249 | D:3      | 3249 ||| FLEEEEING.
  3250 | D:3      | 3250 ||| FLEEEEING.
  3261 | D:3      | 3261 ||| FLEEEEING.
  3272 | D:3      | 3272 ||| FLEEEEING.
  3282 | D:3      | 3282 ||| STAIRDANCE
  3357 | D:2      | 3357 ||| DROPPING orb of mayhem.
  3358 | D:2      | 3358 ||| READING scroll labelled GUOXIDIPLA.
  3363 | D:2      | 3363 ||| READING scroll labelled NINTAUSMUVUCK.
  3364 | D:2      | 3364 ||| DRINKING 3 grey potions.
  3365 | D:2      | 3365 ||| READING 2 scrolls of identify.
  3365 | D:2      | 3365 ||| IDENTIFYING fizzy red potion
  3366 | D:2      | 3366 ||| DROPPING potion of ambrosia.
  3433 | D:3      | Found a blossoming altar of Fedhas.
  3583 | D:3      | 3583 ||| DROPPING orb of guile.
  3584 | D:3      | 3584 ||| UPGRADING to +0 buckler.
  3589 | D:3      | 3589 ||| DRINKING 2 fuming grey potions.
  3590 | D:3      | 3590 ||| DROPPING potion of degeneration.
  3672 | D:4      | 3672 ||| DROPPING +0 mace.
  3716 | D:4      | Reached skill level 1 in Shields
  3804 | D:4      | Found Zyjophakk's Tremendous Tomes.
  3844 | D:4      | 3844 ||| DROPPING +2 flail of protection.
  3918 | D:4      | Reached XP level 6. HP: 35/35 MP: 10/10
  4010 | D:4      | 4010 ||| READING scroll of enchant armour.
  4010 | D:4      | 4010 ||| ENCHANTING +2 storm dragon scales.
  4108 | D:4      | Reached skill level 3 in Armour
  4219 | D:4      | Noticed Sigmund
  4220 | D:4      | 4220 ||| Stepping ~*~*~tactically~*~*~ (hiding).
  4235 | D:4      | Killed Sigmund
  4236 | D:4      | Reached skill level 7 in Axes
  4236 | D:4      | Reached XP level 7. HP: 31/40 MP: 11/11
  4346 | D:4      | Found Kiagu's Assorted Antiques.
  4351 | D:4      | 4351 ||| BUYING fuming sapphire potion (23 gold).
  4351 | D:4      | Bought a fuming sapphire potion for 23 gold pieces
  4351 | D:4      | 4351 ||| BUYING viscous purple potion (23 gold).
  4351 | D:4      | Bought a viscous purple potion for 23 gold pieces
  4524 | D:4      | 4524 ||| READING scroll labelled FIK DUWOUNEURPH.
  4525 | D:4      | 4525 ||| READING 2 scrolls of identify.
  4525 | D:4      | 4525 ||| IDENTIFYING cyan potion
  4526 | D:4      | 4526 ||| DROPPING potion of magic.
  4558 | D:5      | Entered Level 5 of the Dungeon
  4585 | D:5      | Reached skill level 3 in Fighting
  4677 | D:5      | 4677 ||| FLEEEEING.
  4678 | D:5      | 4678 ||| FLEEEEING.
  4685 | D:5      | 4685 ||| STAIRDANCE
  4998 | D:5      | 4998 ||| Stepping ~*~*~tactically~*~*~ (hiding).
  5003 | D:5      | Reached skill level 8 in Axes
  5007 | D:5      | Reached XP level 8. HP: 45/46 MP: 12/12
  5027 | D:5      | 5027 ||| Stepping ~*~*~tactically~*~*~ (stealth).
  5036 | D:5      | 5036 ||| Stepping ~*~*~tactically~*~*~ (hiding).
  5045 | D:5      | Reached skill level 9 in Axes
  5149 | D:5      | 5149 ||| Stepping ~*~*~tactically~*~*~ (stealth).
  5150 | D:5      | 5150 ||| Stepping ~*~*~tactically~*~*~ (stealth).
  5151 | D:5      | 5151 ||| Stepping ~*~*~tactically~*~*~ (stealth).
  5152 | D:5      | 5152 ||| Stepping ~*~*~tactically~*~*~ (stealth).
  5154 | D:5      | 5154 ||| Stepping ~*~*~tactically~*~*~ (stealth).
  5155 | D:5      | 5155 ||| Stepping ~*~*~tactically~*~*~ (stealth).
  5156 | D:5      | 5156 ||| Stepping ~*~*~tactically~*~*~ (stealth).
  5162 | D:5      | 5162 ||| FLEEEEING.
  5163 | D:5      | 5163 ||| FLEEEEING.
  5165 | D:5      | 5165 ||| FLEEEEING.
  5166 | D:5      | 5166 ||| FLEEEEING.
  5167 | D:5      | 5167 ||| FLEEEEING.
  5168 | D:5      | 5168 ||| FLEEEEING.
  5169 | D:5      | 5169 ||| FLEEEEING.
  5170 | D:5      | 5170 ||| FLEEEEING.
  5171 | D:5      | 5171 ||| FLEEEEING.
  5172 | D:5      | 5172 ||| FLEEEEING.
  5173 | D:5      | 5173 ||| FLEEEEING.
  5176 | D:5      | 5176 ||| FLEEEEING.
  5177 | D:5      | 5177 ||| FLEEEEING.
  5178 | D:5      | 5178 ||| FLEEEEING.
  5179 | D:5      | 5179 ||| FLEEEEING.
  5180 | D:5      | 5180 ||| FLEEEEING.
  5181 | D:5      | 5181 ||| FLEEEEING.
  5182 | D:5      | 5182 ||| FLEEEEING.
  5183 | D:5      | 5183 ||| FLEEEEING.
  5184 | D:5      | 5184 ||| FLEEEEING.
  5185 | D:5      | 5185 ||| FLEEEEING.
  5186 | D:5      | 5186 ||| FLEEEEING.
  5187 | D:5      | 5187 ||| FLEEEEING.
  5188 | D:5      | 5188 ||| FLEEEEING.
  5189 | D:5      | 5189 ||| FLEEEEING.
  5193 | D:5      | 5193 ||| STAIRDANCE
  5276 | D:4      | 5276 ||| UPGRADING to +6 ring of dexterity.
  5328 | D:5      | 5328 ||| FLEEEEING.
  5329 | D:5      | 5329 ||| FLEEEEING.
  5330 | D:5      | 5330 ||| FLEEEEING.
  5331 | D:5      | 5331 ||| FLEEEEING.
  5332 | D:5      | 5332 ||| FLEEEEING.
  5333 | D:5      | 5333 ||| FLEEEEING.
  5334 | D:5      | 5334 ||| FLEEEEING.
  5335 | D:5      | 5335 ||| FLEEEEING.
  5338 | D:5      | 5338 ||| FLEEEEING.
  5339 | D:5      | 5339 ||| FLEEEEING.
  5340 | D:5      | 5340 ||| STAIRDANCE
  6006 | D:6      | 6006 ||| Stepping ~*~*~tactically~*~*~ (stealth).
  6007 | D:6      | 6007 ||| Stepping ~*~*~tactically~*~*~ (stealth).
  6009 | D:6      | 6009 ||| Stepping ~*~*~tactically~*~*~ (hiding).
  6069 | D:6      | Reached skill level 3 in Dodging
  6311 | D:6      | Reached skill level 10 in Axes
  6317 | D:6      | Reached XP level 9. HP: 33/52 MP: 13/13
  6442 | D:6      | Found a runed translucent gate.
  6443 | D:6      | Found a runed translucent gate.
  6444 | D:6      | Found a runed translucent gate.
  6467 | D:6      | Noticed qw's ghost (amateur TeWr)
  6696 | D:6      | Reached skill level 3 in Shields
  6721 | D:6      | 6721 ||| Stepping ~*~*~tactically~*~*~ (stealth).
  6858 | D:6      | Found a sacrificial altar of Ru.
  6886 | D:6      | Found a snail-covered altar of Cheibriados.
  6929 | D:6      | Found a hazy altar of Hepliaklqana.
  6960 | D:6      | 6960 ||| READING 2 scrolls labelled LUAR UWEOCETIDI.
  6961 | D:6      | 6961 ||| DROPPING scroll of summoning.
  7013 | D:7      | 7013 ||| Stepping ~*~*~tactically~*~*~ (hiding).
  7023 | D:7      | 7023 ||| FLEEEEING.
  7024 | D:7      | 7024 ||| FLEEEEING.
  7025 | D:7      | 7025 ||| FLEEEEING.
  7027 | D:7      | 7027 ||| FLEEEEING.
  7028 | D:7      | 7028 ||| FLEEEEING.
  7029 | D:7      | 7029 ||| STAIRDANCE
  7327 | D:7      | Killed from afar by a vampire

Levels and vault maps discovered:
D:1:      onia_arrival_mini_spirals, layout_basic,
          shapermc_ecumenical_altar_rom_forum
D:2:      layout_loops_corners, serial_forest, infiniplex_forest_lined_4_way,
          infiniplex_forest_lined_3_way, infiniplex_forest_join,
          infiniplex_forest_end_2, infiniplex_forest_lined_3,
          infiniplex_forest_lined_3, infiniplex_forest_straight_1,
          infiniplex_forest_lined_corner, infiniplex_forest_straight_2,
          minmay_vboxes, uniq_natasha
D:3:      layout_basic, fedhas_ov_isle_minmay
D:4:      layout_loops_corners, serial_shops, nicolae_shop_statue_plus,
          nicolae_shop_i_like_big_books, uniq_sigmund
D:5:      layout_cave_pods, st_stairs_10, minmay_manual_mares
D:6:      minmay_diamond_boxcup, layout_rooms, mainiacjoe_overflow_swirl,
          marbit_many_paths, ebering_ghost_rock_garden
D:7:      layout_rooms, minmay_temple_entry_glass

Skill      XL: |  1  2  3  4  5  6  7  8  9 |
---------------+----------------------------+-----
Axes           | 3 4 5 6 7 8 10 | 10.7
Armour         | 2 3 4 |  4.0
Shields        | 1 2 3 |  3.0
Fighting       | 3 4 5 |  5.0
Dodging        | 3 |  3.6
Throwing       | |  1.0
Spellcasting   | |  2.0
Translocations | |  2.4

Action                   |  1- 3 |  4- 6 |  7- 9 || total
-------------------------+-------+-------+-------++-------
Melee: Hand axe          |    66 |   126 |   155 ||   347
       Kick              |    10 |    21 |    50 ||    81
       Peck              |     9 |    20 |    31 ||    60
       Punch             |     1 |       |       ||     1
       Unarmed           |       |     6 |       ||     6
Throw: Boomerang         |    23 |    49 |    46 ||   118
  Use: Scroll            |     3 |     9 |     3 ||    15
       Potion            |       |     2 |       ||     2
Armor: Leather armour    |     1 |       |       ||     1
       Storm dragon scal |    20 |    60 |    76 ||   156
Dodge: Dodged            |    30 |    29 |    34 ||    93
Block: Buckler           |       |     2 |    29 ||    31

Table legend:
 A = Non-vault XP
 B = Vault XP
 C = Vault XP percentage of total XP
 D = Non-vault monster count
 E = Vault monster count
 F = Vault count percentage of total count
                 A         B        C        D         E       F
            +---------+---------+-------+---------+---------+-------
      Total |    2019 |    1082 |  34.9 |     110 |      24 |  17.9
            +---------+---------+-------+---------+---------+-------
        D:1 |      38 |       0 |   0.0 |      21 |       0 |   0.0
        D:2 |     128 |      83 |  39.3 |      19 |       9 |  32.1
        D:3 |      39 |       0 |   0.0 |      14 |       0 |   0.0
        D:4 |     116 |     243 |  67.7 |      18 |       1 |   5.3
        D:5 |     567 |     470 |  45.3 |      13 |       6 |  31.6
        D:6 |     657 |     286 |  30.3 |      14 |       8 |  36.4
        D:7 |     474 |       0 |   0.0 |      11 |       0 |   0.0
            +---------+---------+-------+---------+---------+-------
